 Dungeon Crawl Stone Soup version 0.30-a0-297-g0ec75d9ef4 (webtiles) character file.

Game seed: 15011241363189018848

1 blackman the Sneak (level 1, -1/18 HPs)
             Began as a Human Delver on Oct 20, 2022.
             Was an Initiate of Qazlal.
             Slain by an orc
             ... wielding a +0 war axe
              (4 damage)
             ... on level 4 of the Dungeon.
             The game lasted 00:00:40 (188 turns).

blackman the Sneak (Human Delver)                    Turns: 188, Time: 00:00:41

Health: -1/18      AC:  3    Str: 12    XL:     1   Next: 22%
Magic:  1/1        EV: 12    Int: 10    God:    Qazlal [......]
Gold:   0          SH:  0    Dex: 14    Spells: 0/0 levels left

rFire   . . .      SeeInvis .    i - +0 rapier
rCold   . . .      Faith    .    (no shield)
rNeg    . . .      Spirit   .    b - +0 leather armour
rPois   .          Reflect  .    (no helmet)
rElec   .          Harm     .    (no cloak)
rCorr   .          Rampage  .    (no gloves)
Will    .....                    (no boots)
Stlth   +++.......               (no amulet)
HPRegen 0.23/turn                (no ring)
MPRegen 0.07/turn                (no ring)

@: hasted, very quick
A: no striking features
a: Renounce Religion


You were on level 4 of the Dungeon.
You worshipped Qazlal.
Qazlal was noncommittal.
You visited 1 branch of the dungeon, and saw 2 of its levels.

Inventory:

Hand Weapons
 a - a +0 falchion
 i - a +0 rapier (weapon)
Armour
 b - a +0 leather armour (worn)
 e - a +0 pair of gloves
 j - a +0 scale mail
Wands
 g - a wand of digging (3)
Scrolls
 c - a scroll of fog
 d - a scroll of magic mapping
Potions
 h - a potion of degeneration {unknown}


   Skills:
 - Level 3.0 Fighting
 + Level 2.1 Long Blades
 - Level 2.0 Dodging
 - Level 5.0 Stealth


You couldn't memorise any spells.
You didn't know any spells.
Your spell library was empty.

Dungeon Overview and Level Annotations

Branches:
Dungeon (5/15)             Temple (0/1) D:4

Altars:
Cheibriados
Qazlal
Vehumet
Xom

Annotations:
D:4 Sigmund


Message History

You hit the giant cockroach.
You kill the giant cockroach!
Qazlal accepts your kill.
No target in view!
No target in view!
No target in view!
No target in view!
No target in view!
No target in view!
No target in view!
HP restored.
You see here a giant cockroach corpse.
An orc comes into view. It is wielding a +0 flail.
An orc is nearby!
An orc is nearby!
The orc shouts!
You hear a shout! x4
An orc comes into view. It is wielding a +0 war axe.
Sigmund the Dreaded comes into view.
He is wielding a +0 scythe.
Sigmund shouts!
The orc hits you with a +0 flail.
You hit the orc.
The orc is almost dead.
An orc comes into view. It is wielding a +0 hand axe.
Sigmund says, "Look into my eyes."
Sigmund barely misses you. The orc hits you with a +0 flail.
You hit the orc but do no damage.
The orc is almost dead.
The orc misses you.
Sigmund points at you and mumbles some strange words.
The magic dart hits you!
Ouch! That really hurt!
* * * LOW HITPOINT WARNING * * *
You are too injured to fight recklessly!
You are too injured to fight recklessly!
You are too injured to fight recklessly!
You are too injured to fight recklessly!
You are too injured to fight recklessly!
Unknown command.
You feel yourself speed up. The orc hits you with a +0 war axe.
You die...

...## .P# ......
###.####
(.....##P#...#P#
...........>)..
...####.P#...#P
## #.###.## #...
#.†.P.P# ##...##
#.##..###o......
#.##...@oo....#
..#######@##.##
#### .# .# .# .#
.# .#


You could see Sigmund and 3 orcs.

Vanquished Creatures
  A giant cockroach (D:4)
1 creature vanquished.

Notes
Turn   | Place    | Note
-------+----------+-------------------------------------------
     0 | D:5      | blackman the Human Delver began the quest for the Orb.
     0 | D:5      | Reached XP level 1. HP: 18/18 MP: 1/1
     5 | D:5      | Found a radiant altar of Vehumet.
     7 | D:5      | Found a shimmering altar of Xom.
    17 | D:5      | Found a stormy altar of Qazlal.
    17 | D:5      | Found a snail-covered altar of Cheibriados.
    38 | D:5      | Became a worshipper of Qazlal Stormbringer
    92 | D:5      | Noticed a black bear
   115 | D:4      | Found a staircase to the Ecumenical Temple.
   184 | D:4      | Noticed Sigmund
   188 | D:4      | Slain by an orc

Illustrated notes

Levels and vault maps discovered:
D:4:      layout_loops_ring, minmay_temple_entry_gardened_gates,
          gup_sewer_entry_bubbles, minmay_surrounded, uniq_sigmund
D:5:      layout_cave_pools, fiery_altar_vehumet, mainiacjoe_overflow_alcove_2,
          chequers_temple_overflow_statue_of_worship, minmay_misc_feat_tower,
          feat_on_display

Action                   || total
-------------------------++-------
Melee: Rapier            ||    14
  Use: Scroll            ||     1
       Potion            ||     1
Armor: Leather armour    ||     4
Dodge: Dodged            ||    13

Table legend: (Time is in decaauts)
 A = Elapsed time spent in this place.
 B = Non-inter-level travel time spent in this place.
 C = Inter-level travel time spent in this place.
 D = Time resting spent in this place.
 E = Time spent auto-exploring this place.
 F = Levels seen in this place.
 G = Mean time per level.
                   A        B        C        D        E       F      G
               +--------+--------+--------+--------+--------+-----+--------+
         Total |    189 |    187 |      2 |     40 |     71 |   2 |   94.5 |
       Dungeon |    189 |    187 |      2 |     40 |     71 |   2 |   94.5 |
               +--------+--------+--------+--------+--------+-----+--------+

Top non-repeatable levels by time:
     D:5: 114 daAuts
     D:4: 74 daAuts
